Map: Efeméride LE

Players

LowLinK

  • Race: Protoss Protoss
  • League: Diamond
  • Spawn Location: 5:00

AtoM - Winner!

  • Race: Protoss Protoss
  • League: Diamond
  • Spawn Location: 11:00

VOD

Have the link to the VOD?

Description

Time

  • Played on: Feb. 16, 2020, 2:06 p.m.
  • Length: 7:02
Show
View Real Time Build Order
Export as new Build Order

LowLinK Protoss 

Build Orders:  

Get SALT Encoding   

  12  0:01  Probe  
  13  0:13  Probe  
  14  0:20  Pylon  
  14  0:25  Probe  
  15  0:38  Probe (Chrono Boost), Gateway  
  16  0:49  Probe (Chrono Boost)  
  17  0:50  Assimilator  
  17  0:54  Probe (Chrono Boost)  
  18  0:58  Assimilator  
  18  1:05  Probe  
  19  1:17  Probe  
  20  1:18  Pylon  
  20  1:27  Cybernetics Core  
  20  1:29  Probe  
  21  1:41  Probe  
  22  1:53  Probe  
  23  2:00  Warp Gate (Chrono Boost)  
  23  2:03  Adept  
  23  2:05  Probe  
  26  2:27  Pylon, Gateway  
  26  2:29  Gateway  
  26  2:32  Gateway  
  26  2:40  Pylon  
  26  2:51  Gateway  
  26  2:56  Pylon  
  26  3:33  Stalker x3  
  26  3:34  Stalker  
  34  3:45  Sentry  
  36  3:57  Stalker x4  
  36  4:01  Stalker  
  46  4:11  Pylon  
  38  4:48  Pylon  
  38  4:49  Pylon  
  35  5:06  Pylon  
  33  5:08  Pylon  
  21  5:25  Stalker  
  21  5:26  Stalker  
  22  5:40  Pylon  
  21  5:49  Stalker  
  16  6:18  Sentry  
  18  6:42  Sentry  
Show
View Real Time Build Order
Export as new Build Order

AtoM Protoss - Winner!

Build Orders:  

Get SALT Encoding   

  12  0:01  Probe  
  13  0:13  Probe  
  14  0:18  Pylon  
  14  0:25  Probe (Chrono Boost)  
  15  0:37  Probe (Chrono Boost)  
  15  0:39  Gateway  
  16  0:45  Probe (Chrono Boost)  
  16  0:49  Assimilator  
  17  0:52  Probe  
  18  0:58  Assimilator  
  18  1:04  Probe  
  19  1:16  Probe  
  20  1:19  Gateway  
  20  1:28  Probe  
  21  1:40  Probe  
  21  1:41  Cybernetics Core  
  21  1:45  Pylon  
  22  1:56  Probe  
  23  2:11  Warp Gate (Chrono Boost)  
  23  2:17  Stalker x2  
  27  2:31  Gateway  
  27  2:33  Gateway  
  27  2:48  Stalker  
  27  2:49  Stalker  
  31  2:55  Pylon  
  31  3:01  Pylon  
  31  3:33  Pylon  
  31  3:38  Stalker  
  31  3:39  Stalker x3  
  39  4:02  Stalker x2  
  41  4:03  Stalker x2  
  47  4:28  Stalker  
  43  4:39  Stalker x2  
  43  4:58  Stalker  
  43  4:59  Stalker  
  37  5:20  Stalker x2  
  39  5:22  Stalker x2  
  43  5:58  Stalker x2  
  47  6:04  Pylon  
  47  6:06  Pylon  
  47  6:29  Stalker x4  
Tags
 
Add a new tag
Caveats
  • Supply blocks, unpowered buildings, or Contaminate may cause inaccurate times.
  • Supply counts are checked every 10 seconds.